 Dungeon Crawl Stone Soup version 0.29.1-1-gd02db69 (webtiles) character file.

Game seed: 13854830230270848566

42 Chimori the Shield-Bearer (level 3, 0/36 HPs)
             Began as a Troll Fighter on Apr 14, 2023.
             Slain by a gnoll
             ... wielding a +0 club
              (5 damage)
             ... on level 2 of the Dungeon.
             The game lasted 00:04:22 (372 turns).

Chimori the Shield-Bearer (Troll Fighter)            Turns: 372, Time: 00:04:22

Health: 0/36       AC:  4    Str: 24    XL:     3   Next: 33%
Magic:  2/2        EV:  8    Int:  6    God:
Gold:   58         SH:  7    Dex:  9    Spells: 2/2 levels left

rFire   . . .      SeeInvis .     - Unarmed
rCold   . . .      Faith    .   b - +0 kite shield
rNeg    . . .      Spirit   .   a - +0 robe
rPois   .          Reflect  .   (helmet restricted)
rElec   .          Harm     .   (no cloak)
rCorr   .          Rampage  .   (gloves unavailable)
Will    .....                   (boots unavailable)
Stlth   +.........              (no amulet)
HPRegen 0.92/turn               (no ring)
MPRegen 0.08/turn               (no ring)

@: no status effects
A: large, unfitting armour, claws 3, regeneration 1, shaggy fur 1, tough skin 1
a: no special abilities


You were on level 2 of the Dungeon.
You visited 1 branch of the dungeon, and saw 2 of its levels.

You collected 58 gold pieces.

Inventory:

Armour
 a - a +0 robe (worn)
 b - a +0 kite shield (worn)
Scrolls
 d - a scroll of teleportation {unknown}
 f - a scroll of blinking {unknown}
 h - a scroll of poison {unknown}
Potions
 c - a potion of might
 e - 3 potions of curing {unknown}
 g - a potion of magic {unknown}


   Skills:
 + Level 2.7 Fighting
 - Level 2.4 Dodging
 + Level 3.0 Shields
 * Level 3.0 Unarmed Combat


You had 2 spell levels left.
You didn't know any spells.
Your spell library was empty.

Dungeon Overview and Level Annotations

Branches:
Dungeon (1/15)

Altars:


Innate Abilities, Weirdness & Mutations

You are too large for most types of armour.
You have claws for hands.
Your natural rate of healing is unusually fast.
You are covered in fur. (AC +1)
You have tough skin. (AC +1)


Message History

The bat attacks as you move away! You block the bat's attack.
The bat hits you but does no damage. x2
The bat hits you but does no damage. The bat attacks as you move away!
The bat barely misses you. The bat completely misses you. The bat hits you.
You block the bat's attack. You block the bat's attack.
You block the bat's attack. You block the bat's attack. The bat hits you.
You miss the bat. The bat closely misses you.
The bat hits you but does no damage.
The gnoll hits you from afar with a +0 spear.
You barely miss the bat. The bat hits you. The bat hits you but does no damage.
The gnoll hits you from afar with a +0 spear.
You miss the bat. The bat barely misses you.
The gnoll hits you from afar with a +0 spear!
You closely miss the bat. The bat hits you but does no damage.
You block the bat's attack. You block the gnoll's attack.
You claw the bat!
You kill the bat!
The gnoll hits you from afar with a +0 spear.
The gnoll hits you with a +0 spear. The gnoll barely misses you.
The gnoll hits you from afar with a +0 halberd.
You see here a bat corpse.
You claw the gnoll!
The gnoll is almost dead.
A giant cockroach comes into view.
The gnoll hits you with a +0 spear. The gnoll closely misses you.
The gnoll barely misses you.
You claw the gnoll!
You kill the gnoll!
The gnoll barely misses you.
The gnoll hits you from afar with a +0 halberd!
* * * LOW HITPOINT WARNING * * *
The ball python bites you but does no damage.
The gnoll closely misses you. You block the gnoll's attack.
Your Unarmed Combat skill increases to level 3!
The gnoll attacks as you move away! The gnoll hits you with a +0 club.
You die...

###.....## #..# ####
.........# #..# #...
.........####..########...
........................##
....w.gS.gg.g.......###.#
).....######....#.### #.#
....# #.......## ##.#
..<...#####g#†.....###..#
.........@Sg....#.......#
.##..####g.#....#...##.# #
....#..........#.#
#>......###.......#
........####..#...#
...........#).#...#
.........##.#......#
..........##....#...##
............#.......


You could see 3 gnolls and a ball python.

Vanquished Creatures
  A gnoll (D:2)
  An adder (D:2)
  A dart slug (D:2)
  3 ball pythons (D:1)
  An endoplasm (D:1)
  A goblin (D:2)
  5 jackals (D:2)
  A kobold (D:2)
  2 quokkas (D:1)
  2 bats
  A frilled lizard (D:1)
  2 rats
21 creatures vanquished.

Notes
Turn   | Place    | Note
-------+----------+-------------------------------------------
     0 | D:1      | Chimori the Troll Fighter began the quest for the Orb.
     0 | D:1      | Reached XP level 1. HP: 22/22 MP: 0/0
   174 | D:1      | Reached XP level 2. HP: 29/29 MP: 1/1
   213 | D:1      | You fall into a shaft and drop 1 floor!
   291 | D:2      | Reached XP level 3. HP: 36/36 MP: 2/2
   372 | D:2      | Slain by a gnoll

Illustrated notes

Levels and vault maps discovered:
D:1:      grunt_arrival_crossed_arrows, layout_rooms, basic_ecumenical_altar
D:2:      layout_rooms, grunt_ministairs_11, item_on_display_a

Skill      XL: |  1  2  3 |
---------------+----------+-----
Shields        | 3 |  3.0
Unarmed Combat | 3 |  3.0
Fighting       | |  2.7
Dodging        | |  2.4

Action                   || total
-------------------------++-------
Melee: Unarmed           ||    62
Armor: Robe              ||    25
Dodge: Dodged            ||    28
Block: Kite shield       ||    21
